 Dungeon Crawl Stone Soup version 0.27.1 (webtiles) character file.

Game seed: 8035768495221475735

2356 a11behringer the Destroyer (level 9, -6/62 HPs)
             Began as a Demigod Conjurer on Aug 27, 2021.
             Killed from afar by an orc wizard (9 damage)
             ... with a magic dart
             ... on level 7 of the Dungeon.
             The game lasted 00:44:14 (7479 turns).

a11behringer the Destroyer (Demigod Conjurer)       Turns: 7479, Time: 00:44:15

Health: -6/62      AC:  3    Str: 14    XL:     9   Next: 1%
Magic:  8/18       EV: 16    Int: 32    God:
Gold:   414        SH:  0    Dex:  9    Spells: 4/16 levels left

rFire    . . .     SeeInvis .   o - +3 whip (flame)
rCold    . . .     Faith    .   (no shield)
rNeg     . . .     Spirit   .   a - +0 robe
rPois    +         Reflect  .   (no helmet)
rElec    .         Harm     .   b - +0 cloak
rCorr    +         Rampage  .   (no gloves)
Will     .....                  (no boots)
Stlth    +.........             d - amulet "Qyugy" {RegenMP rPois rCorr Dex-3}
HPRegen  0.20/turn              h - +4 ring of evasion
MPRegen  0.41/turn              t - +6 ring of strength

@: confused
A: high mp 1, forlorn
a: no special abilities


You were on level 7 of the Dungeon.
You visited 1 branch of the dungeon, and saw 7 of its levels.
You also visited: Ossuary.

You collected 414 gold pieces.

Inventory:

Hand Weapons
 e - a +0 war axe
 o - a +3 whip of flaming (weapon)
Armour
 a - a +0 robe (worn)
 b - a +0 cloak (worn)
 u - a +0 pair of boots
Jewellery
 d - the amulet "Qyugy" (around neck) {RegenMP rPois rCorr Dex-3}
   (You acquired it on level 4 of the Dungeon)

   [amulet of magic regeneration]

   It increases your rate of magic regeneration.
   Dex:       It affects your dexterity (-3).
   rPois:     It protects you from poison.
   rCorr:     It protects you from acid and corrosion.
 h - a +4 ring of evasion (left hand)
 i - a ring of resist corrosion
 l - a ring of fire
 t - a +6 ring of strength (right hand)
Wands
 p - a wand of flame (10)
Scrolls
 f - 2 scrolls of magic mapping
 j - a scroll of amnesia {unknown}
 m - 2 scrolls of enchant weapon
 r - 2 scrolls of blinking
 v - a scroll of identify
 x - a scroll of fog {unknown}
 y - a scroll of teleportation
 A - a scroll of summoning {unknown}
Potions
 c - a potion of haste
 g - a potion of invisibility {unknown}
 k - a potion of degeneration {unknown}
 n - 3 potions of mutation
 q - a potion of flight
 s - 2 potions of curing {unknown}
 w - 2 potions of might {unknown}
 z - a potion of heal wounds {unknown}


   Skills:
 - Level 2.1 Dodging
 - Level 1.8 Stealth
 - Level 4.0 Spellcasting
 - Level 10.2 Conjurations
 * Level 2.8 Fire Magic
 * Level 2.7 Earth Magic


You had 4 spell levels left.
You knew the following spells:

 Your Spells              Type           Power      Damage    Failure   Level
a - Magic Dart            Conj           100%       1d8       1%          1
b - Searing Ray           Conj           100%       3d7       1%          2
c - Iskenderun's Mystic   Conj/Tloc      39%        2d9       7%          4
d - Bolt of Magma         Conj/Fire/Erth 20%        4d10      19%         5

Your spell library contained the following spells:

 Spells                   Type           Power      Damage    Failure   Level
 Dazzling Flash           Conj/Hex       78%        N/A       1%          3
 Fulminant Prism          Conj/Hex       19%        3d11      7%          4
 Ensorcelled Hibernation  Hex/Ice        12%        N/A       9%          2
 Spider Form              Tmut/Pois      3%         N/A       17%         3
 Leda's Liquefaction      Hex/Erth       7%         N/A       32%         4
 Statue Form              Tmut/Erth      10%        N/A       99%         6
 Shadow Creatures         Summ           N/A        N/A       100%        6


Dungeon Overview and Level Annotations

Branches:
Dungeon (7/15)             Temple (0/1) D:4         Ossuary (visited)


Innate Abilities, Weirdness & Mutations

Your attributes grow dramatically as you level up.
You have an increased reservoir of magic. (+10% MP)
You shall have no god before yourself.


Message History

The orc wizard is heavily wounded.
The orc wizard points at you and mumbles some strange words.
The puff of flame hits you!
* * * LOW HITPOINT WARNING * * *
Casting: Searing Ray (safe; 1% risk of failure)
Confirm with . or Enter, or press ? or * to list all spells.
Aiming: Searing Ray (safe; 1% risk of failure)
Press: ? - help, Shift-Dir - straight line, f - orc wizard
Aim: an orc wizard, wielding a +0 dagger and wearing a +0 robe (heavily wounded, 79% to hit)
The searing ray hits the orc wizard.
The orc wizard is almost dead. (Press . to maintain the ray.)
The orc wizard gestures at you while chanting.
You are confused.
The orc wizard barely misses you.
The orc wizard points at you and mumbles some strange words.
You are more confused.
You barely miss the orc wizard.
The orc wizard is almost dead.
The orc wizard closely misses you.
You bump into the rock wall.
The orc wizard gestures at you while chanting.
You are more confused.
You bump into the rock wall.
The orc wizard hits you with a +0 dagger.
* * * LOW HITPOINT WARNING * * *
You miss the orc wizard.
The orc wizard is almost dead.
The orc wizard misses you.
You bump into the rock wall.
The orc wizard hits you with a +0 dagger.
* * * LOW HITPOINT WARNING * * *
You bump into the rock wall.
The orc wizard hits you but does no damage.
You bump into the rock wall.
The orc wizard misses you.
You're too confused to cast spells.
You bump into the rock wall.
The orc wizard casts a spell at you. The magic dart hits you!
You die...

#.........#..#.##.#
#.##.###[......##.#
#)##.# ####.#.###.#
#.##.# #.......#
##.##.# ###.#.#####
# #.....# #.....#
.. ## #######
#.#.### ... #.
#.#.# .... #. #.#@#
..... #.
#.#o###...... #.
#.#)).o)..... #.
#.#####...... ##
#.# o.... #### #..
.... #... ... #.##
## #... #..#


You could see an orc wizard.

Vanquished Creatures
  Pikel (D:7)
  Joseph (D:7)
  Grinder (D:6)
  Menkaure (D:6)
  An ogre (D:4)
  A necrophage (D:5)
  4 lemures (D:7)
  A phantom (D:5)
  A bullfrog (D:7)
  2 scorpions (D:5)
  3 wights (D:7)
  3 centaur zombies (Ossuary)
  A jelly (D:4)
  3 orc priests
  4 iguanas
  A centaur skeleton (D:6)
  Ijyb (D:4)
  5 orc wizards
  A killer bee zombie (D:7)
  A hound zombie (D:5)
  2 hound skeletons
  6 mummies
  7 adders
  A shadow imp (D:7)
  A white imp (D:6)
  2 ufetubi
  An adder skeleton (D:4)
  A worm (D:3)
  4 dart slugs
  15 orcs
  2 ball pythons
  2 endoplasms
  4 giant cockroaches
  7 goblins
  4 hobgoblins
  4 jackals (D:2)
  7 kobolds
  6 quokkas
  A ball python zombie (D:1)
  7 bats
  A frilled lizard (D:1)
  A giant cockroach zombie (D:1)
  7 hobgoblin zombies (Ossuary)
  A kobold zombie (D:7)
  An orc zombie (D:7)
132 creatures vanquished.

Vanquished Creatures (others)
  7 plants
7 creatures vanquished.

Grand Total: 139 creatures vanquished

Notes
Turn   | Place    | Note
-------+----------+-------------------------------------------
     0 | D:1      | a11behringer the Demigod Conjurer began the quest for the
                  | Orb.
     0 | D:1      | Reached XP level 1. HP: 14/14 MP: 5/5
   337 | D:1      | Reached skill level 4 in Conjurations
   458 | D:1      | Reached XP level 2. HP: 20/20 MP: 4/7
  1449 | D:2      | Reached XP level 3. HP: 24/26 MP: 0/8
  1479 | D:2      | Learned a level 2 spell: Searing Ray
  1803 | D:2      | Reached skill level 5 in Conjurations
  1982 | D:2      | Reached XP level 4. HP: 33/33 MP: 5/9
  3062 | D:3      | Reached XP level 5. HP: 20/37 MP: 1/11
  3305 | D:3      | Noticed a +0 dagger
  3306 | D:3      | Noticed a +0 dagger
  3747 | D:4      | Reached skill level 6 in Conjurations
  4184 | D:4      | Noticed Ijyb
  4198 | D:4      | Killed Ijyb
  4199 | D:4      | Reached XP level 6. HP: 39/45 MP: 7/13
  4294 | D:4      | Found a staircase to the Ecumenical Temple.
  4333 | D:4      | Identified a scroll of acquirement
  4333 | D:4      | Acquired the amulet "Qyugy" {RegenMP rPois rCorr Dex-3}
  4947 | D:5      | Entered Level 5 of the Dungeon
  4975 | D:5      | Reached skill level 7 in Conjurations
  4979 | D:5      | Reached XP level 7. HP: 48/50 MP: 8/15
  5841 | D:6      | Noticed Menkaure
  5862 | D:6      | Noticed Grinder
  5871 | D:6      | Killed Grinder
  5872 | D:6      | Reached skill level 8 in Conjurations
  5879 | D:6      | Killed Menkaure
  6442 | D:6      | Reached XP level 8. HP: 56/57 MP: 12/17
  6490 | D:6      | Learned a level 4 spell: Iskenderun's Mystic Blast
  6496 | D:6      | Learned a level 5 spell: Bolt of Magma
  6875 | D:7      | Found a sand-covered staircase.
  6881 | Ossuary  | Entered an ossuary
  6899 | Ossuary  | Reached skill level 9 in Conjurations
  7260 | D:7      | Noticed Pikel
  7271 | D:7      | Killed Pikel
  7272 | D:7      | Reached skill level 10 in Conjurations
  7442 | D:7      | Noticed Joseph
  7449 | D:7      | Reached skill level 1 in Fire Magic
  7449 | D:7      | Reached skill level 1 in Earth Magic
  7454 | D:7      | Killed Joseph
  7468 | D:7      | Reached XP level 9. HP: 14/62 MP: 5/18
  7476 | D:7      | HP: 3/62 [orc wizard (3)]
  7479 | D:7      | Killed from afar by an orc wizard

Illustrated notes

Levels and vault maps discovered:
D:1:      saegor_arrival_fortress, layout_loops_corners, minmay_misc_feat_five,
          minmay_misc_feat_four_crosses
D:2:      layout_basic, serial_forest, infiniplex_forest_clump_long,
          infiniplex_forest_fountain, infiniplex_forest_clump_cross,
          infiniplex_forest_lined_room_2
D:3:      layout_basic, dancing_weapons_uskayaw, grunt_dithmenos_smoke,
          kennysheep_flooded_box
D:4:      layout_loops_ring, nzn_hepliaklqana_mist_gate,
          minmay_temple_entry_ruins, patterned_corridor, uniq_ijyb
D:5:      layout_loops_ring, amcnicky_altar_gilded, kennysheep_boxes
D:6:      layout_loops_ring, mainiacjoe_overflow_boulevard,
          nicolae_wu_jian_immortal_techniques, okawaru_altar_gauntlet_db,
          uniq_menkaure, uniq_grinder
D:7:      layout_basic, fedhas_altar_3, nicolae_ossuary_entry_giza,
          minmay_misc_feat_columns, uniq_maggie, uniq_joseph, uniq_pikel

Skill      XL: |  1  2  3  4  5  6  7  8 |
---------------+-------------------------+-----
Conjurations   | 4 5 6 7 8 10 | 10.2
Dodging        | 2 |  2.1
Spellcasting   | 2 3 4 |  4.0
Fire Magic     | 2 |  2.8
Earth Magic    | 2 |  2.7
Stealth        | |  1.8

Action                   |  1- 3 |  4- 6 |  7- 9 || total
-------------------------+-------+-------+-------++-------
Melee: Whip              |       |     8 |    15 ||    23
 Cast: Magic Dart        |    84 |    39 |    21 ||   144
       Searing Ray       |     4 |    23 |    35 ||    62
  Use: Scroll            |       |     6 |     5 ||    11
 Stab: Sleeping          |       |       |     1 ||     1
Armor: Robe              |     2 |       |     7 ||     9
Dodge: Dodged            |     9 |     8 |    45 ||    62
